 Dungeon Crawl Stone Soup version 0.20.1-1-g8b1a95d (webtiles) character file.

129 Asgaroth the Covert (level 4, 0/22 HPs)
             Began as a Spriggan Assassin on Oct 2, 2017.
             Slain by a bullfrog skeleton (7 damage)
             ... on level 4 of the Dungeon.
             The game lasted 00:06:53 (3065 turns).

Asgaroth the Covert (Spriggan Assassin)             Turns: 3065, Time: 00:06:54

Health: 0/22       AC:  3    Str:  7    XL:     4   Next: 88%
Magic:  5/5        EV: 17    Int: 12    God:
Gold:   227        SH:  0    Dex: 18    Spells: 3/3 levels left

rFire    . . .     SeeInvis +   a - +2 dagger
rCold    . . .     Gourm    .   (shield restricted)
rNeg     . . .     Faith    .   c - +0 robe
rPois    .         Spirit   .   (helmet restricted)
rElec    .         Reflect  .   d - +0 cloak
rCorr    .         Harm     .   (gloves unavailable)
MR       .....                  (boots unavailable)
Stlth    ++++......             (no amulet)
Regen    0.1/turn               (no ring)
MPRegen  0.1/turn               (no ring)

@: very quick
A: unfitting armour, see invisible, herbivore 3, speed 3, slow metabolism 2
a: no special abilities


You were on level 4 of the Dungeon.
You were not hungry.

You visited 1 branch of the dungeon, and saw 4 of its levels.

You collected 227 gold pieces.

Inventory:

Hand Weapons
 a - a +2 dagger (weapon)
 b - a +0 blowgun
Missiles
 e - 40 poisoned needles
 f - 2 curare-tipped needles
 s - 3 needles of sleeping
Armour
 c - a +0 robe (worn)
 d - a +0 cloak (worn)
Jewellery
 l - a cursed ring of see invisible {unknown}
 n - an uncursed amulet of the gourmand {unknown}
 w - an uncursed ring of resist corrosion {unknown}
Wands
 t - a wand of digging (9/24)
Scrolls
 j - a scroll of identify {unknown}
 o - 4 scrolls of magic mapping {unknown}
 p - a scroll of remove curse {unknown}
 r - 2 scrolls of teleportation {unknown}
 x - 2 scrolls of fear {unknown}
Potions
 h - a potion of mutation {unknown}
 i - 4 potions of curing {unknown}
 k - 2 potions of might {unknown}
 m - a potion of agility {unknown}
 q - a potion of lignification {unknown}
 u - a potion of haste {unknown}
 v - a potion of cancellation {unknown}
 A - a potion of ambrosia {unknown}
Comestibles
 g - 3 bread rations
 z - 14 fruits


   Skills:
 - Level 1.5 Fighting
 + Level 3.4 Short Blades
 - Level 2.0 Throwing
 - Level 1.5 Dodging
 * Level 8.7 Stealth


You had 3 spell levels left.
You didn't know any spells.

Dungeon Overview and Level Annotations

Branches:
Dungeon (4/15)
 Temple: D:4-7

Altars:
Okawaru
Xom

Annotations:
D:3 Agrougrou's ghost, amateur DsFi


Innate Abilities, Weirdness & Mutations

You are very small and have problems with some larger weapons.
You are too small for most types of armour.
You have supernaturally acute eyesight. (SInv)
You are a herbivore.
You cover ground extremely quickly.
You need consume almost no food.


Message History

You hit the bullfrog skeleton.
The bullfrog skeleton is moderately damaged.
The bullfrog skeleton misses you.
You hit the bullfrog skeleton.
The bullfrog skeleton is heavily damaged.
The bullfrog skeleton closely misses you.
You hit the bullfrog skeleton.
The bullfrog skeleton is heavily damaged.
The bullfrog skeleton hits you.
You hit the bullfrog skeleton.
The bullfrog skeleton is severely damaged.
The bullfrog skeleton hits you.
You hit the bullfrog skeleton.
The bullfrog skeleton is severely damaged.
The bullfrog skeleton closely misses you.
The bullfrog skeleton barely misses you.
You hit the bullfrog skeleton.
The bullfrog skeleton is almost destroyed.
The bullfrog skeleton hits you!
You die...

......... #.[.....#
......... #.......#
......... #.......#
.##...... ####...##
.#################...##
..#...........>.#.....#
..#.............#.....#
..#.............#Z....#
.##......##.....@....##
.##......##....#######
................#
................#
................#
#################


You could see a bullfrog skeleton.

Vanquished Creatures
  Ijyb (D:3)
  4 adders
  An adder skeleton (D:4)
  A worm (D:2)
  2 dart slugs
  An orc (D:3)
  5 giant cockroaches
  11 goblins
  6 hobgoblins
  10 kobolds
  3 ball pythons
  4 bats
  A frilled lizard (D:1)
  12 rats
62 creatures vanquished.

Notes
Turn   | Place    | Note
-------+----------+-------------------------------------------
     0 | D:1      | Asgaroth the Spriggan Assassin began the quest for the Orb.
     0 | D:1      | Reached XP level 1. HP: 10/10 MP: 2/2
    44 | D:1      | Reached skill level 6 in Stealth
   301 | D:1      | Found an iron altar of Okawaru.
   313 | D:1      | Reached XP level 2. HP: 14/14 MP: 3/3
   792 | D:1      | Reached skill level 7 in Stealth
  1269 | D:2      | Found a shimmering altar of Xom.
  1285 | D:2      | Reached XP level 3. HP: 16/18 MP: 4/4
  2202 | D:3      | Noticed Ijyb
  2206 | D:3      | Killed Ijyb
  2206 | D:3      | Reached skill level 8 in Stealth
  2206 | D:3      | Reached XP level 4. HP: 22/22 MP: 5/5
  2323 | D:3      | Noticed Agrougrou's ghost (amateur DsFi)
  3065 | D:4      | Slain by a bullfrog skeleton

Skill      XL: |  1  2  3 |
---------------+----------+-----
Stealth        | 6 7 8 |  8.7
Short Blades   | 3 |  3.4
Fighting       | |  1.5
Throwing       | |  2.0
Dodging        | |  1.5

Action                   |  1- 3 |  4- 6 || total
-------------------------+-------+-------++-------
Melee: Dagger            |   105 |    61 ||   166
 Fire: Blowgun           |     4 |     4 ||     8
 Stab: Sleeping          |    27 |     6 ||    33
Armor: Robe              |    13 |     9 ||    22
Dodge: Dodged            |    44 |    46 ||    90
